[Event "Titled Tuesday Blitz August 08 Late 2023"]
[White "Pinto, Daniel"]
[Black "Vlassov, Nikolai"]
[WhiteFideId "3303144"]
[BlackFideId "4103360"]
[WhiteElo "2399"]
[BlackElo "2595"]
[Result "1-0"]
[Round "3"]
[TimeControl "180+1"]
[Date "2023.08.08"]
[WhiteClock "0:00:09"]
[BlackClock "0:00:03"]
[Board "100"]

1. e4 Nc6 2. Nf3 d5 3. Nc3 d4 4. Ne2 e5 5. d3 Bg4 6. Ng3 Bb4+ 7. Bd2 Bxf3 8. Qxf3 Bxd2+ 9. Kxd2 Qg5+ 10. Kd1 Nge7 11. h4 Qh6 12. Qg4 g6 13. h5 Qg7 14. Be2 Qf6 15. Rf1 Qf4 16. c3 O-O 17. Kc2 Qxg4 18. Bxg4 f5 19. exf5 gxf5 20. Be2 Rad8 21. Rh1 Nd5 22. Bf3 Nf4 23. Rad1 Rd6 24. a3 dxc3 25. bxc3 Nxd3 26. Rxd3 Rxd3 27. Kxd3 e4+ 28. Nxe4 fxe4+ 29. Bxe4 Rxf2 30. Ke3 Rf6 31. Rd1 Ne5 32. Rd5 Ng4+ 33. Kd4 h6 34. Rd8+ Kg7 35. Rd7+ Rf7 36. Rxf7+ Kxf7 37. Bxb7 Nf6 38. Bf3 Ke6 39. Kc5 Kd7 40. a4 Ng8 41. Kd5 Ne7+ 42. Ke5 Ng8 43. g4 a5 44. Kf5 Kd6 45. g5 Ne7+ 46. Kf6 hxg5 47. Kxg5 Ng8 48. h6 Nxh6 49. Kxh6 Kc5 50. Be2 Kd5 51. Bd3 Ke5 52. Kg5 c6 53. Kg4 Kd5 54. Kf3 Ke5 55. Ke3 Kd5 56. Be2 Kc5 57. Kd3 Kd5 58. Bf3+ Kc5 59. Be4 Kd6 60. Kc4 Ke5 61. Bxc6 Kd6 62. Bg2 Kc7 63. Kb5 Kb8 64. Kxa5 Ka7 65. Kb5 1-0


[Site "https://www.chess.com"]

[Event "Titled Tuesday Blitz August 08 Late 2023"]
[White "Rego, Pedro Filipe"]
[Black "Principe, Gerson"]
[WhiteFideId "1904310"]
[BlackFideId "3804550"]
[WhiteElo "2385"]
[BlackElo "2585"]
[Result "1-0"]
[Round "3"]
[TimeControl "180+1"]
[Date "2023.08.08"]
[WhiteClock "0:00:06"]
[BlackClock "0:00:00"]
[Board "101"]

1. d4 Nf6 2. Bf4 c5 3. d5 d6 4. Nc3 g6 5. e4 Bg7 6. h3 O-O 7. Nf3 a6 8. a4 b6 9. Nd2 Nbd7 10. Be2 Rb8 11. O-O Ne8 12. Nc4 Nc7 13. Bg4 Ne5 14. Bxe5 Bxe5 15. Nxe5 dxe5 16. Qe2 Qd6 17. Bxc8 Rbxc8 18. Nb1 f5 19. f3 e6 20. c4 exd5 21. exd5 Rce8 22. Nc3 Re7 23. Rfd1 Rfe8 24. a5 bxa5 25. Rxa5 e4 26. fxe4 fxe4 27. Qe3 Rf7 28. Rxc5 Rfe7 29. Rc6 Qb4 30. d6 Re6 31. Rxc7 Rxd6 32. Rxd6 Qxd6 33. Nd5 Rf8 34. Qxe4 Qg3 35. Qd4 Qe1+ 36. Kh2 Rf7 37. Rxf7 Kxf7 38. Qf6+ Ke8 39. Qc6+ Kf8 40. Qd6+ Kg8 41. Qd8+ Kg7 42. Qd7+ Kg8 43. Qg4 Qe5+ 44. Qf4 Qxb2 45. Nf6+ Kg7 46. Ng4 Qb6 47. Qe5+ Kg8 48. c5 Kf7 49. cxb6 1-0


[Site "https://www.chess.com"]

[Event "Titled Tuesday Blitz August 08 Late 2023"]
[White "Davidson, Kevin"]
[Black "Sun, Rick"]
[WhiteFideId "2056810"]
[BlackFideId "30909481"]
[WhiteElo "2382"]
[BlackElo "2581"]
[Result "0-1"]
[Round "3"]
[TimeControl "180+1"]
[Date "2023.08.08"]
[WhiteClock "0:00:00"]
[BlackClock "0:00:15"]
[Board "102"]

1. e4 d6 2. d4 Nf6 3. Nc3 Nbd7 4. g4 h6 5. h3 e5 6. Nge2 Be7 7. Bg2 c6 8. Be3 b5 9. Ng3 b4 10. Nce2 d5 11. dxe5 Nxe5 12. exd5 Nxd5 13. Qd4 Bf6 14. Qc5 Be7 15. Qd4 Bf6 16. Qc5 Nxe3 17. fxe3 Qb6 18. Qxb6 axb6 19. Nh5 Bh4+ 20. Nhg3 Be6 21. O-O O-O 22. Nf5 Bg5 23. h4 Bxf5 24. Rxf5 Bxe3+ 25. Kh1 Nxg4 26. Bf3 Nf6 27. Re5 Rfe8 0-1


[Site "https://www.chess.com"]

[Event "Titled Tuesday Blitz August 08 Late 2023"]
[White "Ncatt"]
[Black "Attacker_2006"]
[WhiteElo "2376"]
[BlackElo "2577"]
[Result "1-0"]
[Round "3"]
[TimeControl "180+1"]
[Date "2023.08.08"]
[WhiteClock "0:00:19"]
[BlackClock "0:00:12"]
[Board "103"]

1. e4 c6 2. d4 d5 3. Nc3 dxe4 4. Nxe4 Nf6 5. Nxf6+ exf6 6. c3 Bd6 7. Bd3 O-O 8. Qc2 Re8+ 9. Ne2 h5 10. O-O h4 11. h3 Nd7 12. Bd2 Nf8 13. Rae1 Be6 14. c4 Bc7 15. b3 a5 16. a4 Rc8 17. Qc3 Qd6 18. Bf4 Qd7 19. Bxc7 Qxc7 20. Qd2 Re7 21. Qf4 Qb6 22. Bc2 Ng6 23. Qd6 Rd8 24. Qa3 Qb4 25. Qxb4 axb4 26. f4 Rde8 27. Nc1 Bd7 28. Rxe7 Rxe7 29. f5 Nf8 30. Nd3 Re3 31. Nxb4 Re2 32. Rf2 Re1+ 33. Kh2 Nh7 34. Nd3 Re3 35. Nc5 Bc8 36. a5 Ng5 37. Bd3 Kf8 38. Re2 Rg3 39. b4 g6 40. b5 cxb5 41. cxb5 gxf5 42. a6 bxa6 43. bxa6 Rxd3 44. Nxd3 Bxa6 45. Re3 Bxd3 46. Rxd3 Ne4 47. Rf3 Nd6 48. Rf4 Ke7 49. Rxh4 Ke6 50. Kg3 Kd5 51. Kf3 Ne4 52. Kf4 Nd6 53. Rh6 Ke6 54. h4 Ke7 55. h5 Ke6 56. Rh8 Ke7 57. h6 Nb5 58. h7 Nxd4 59. Re8+ Kxe8 60. h8=Q+ Ke7 61. Qa8 Ne6+ 62. Kxf5 Ng7+ 63. Ke4 Ne6 64. Qa7+ Kf8 65. Kf5 Kg7 66. Qa1 Nf8 67. Qxf6+ Kg8 68. Qd8 Kg7 69. g4 Ne6 70. Qf6+ Kg8 71. Ke5 Nf8 72. Kd6 Ng6 73. Kd7 Kf8 74. g5 Kg8 75. Ke8 Nh8 76. Qf5 Kg7 77. Qf4 Kg6 78. Qf6+ Kh7 79. Qxf7+ Nxf7 80. Kxf7 Kh8 81. Kg6 Kg8 82. Kh6 Kh8 83. g6 Kg8 84. g7 Kf7 85. Kh7 1-0


[Site "https://www.chess.com"]

[Event "Titled Tuesday Blitz August 08 Late 2023"]
[White "Barria Santos, Jose Guilherme"]
[Black "Dwilewicz, Katarzyna"]
[WhiteFideId "1939300"]
[BlackFideId "1148486"]
[WhiteElo "2577"]
[BlackElo "2374"]
[Result "1-0"]
[Round "3"]
[TimeControl "180+1"]
[Date "2023.08.08"]
[WhiteClock "0:00:05"]
[BlackClock "0:00:00"]
[Board "104"]

1. e4 c5 2. Nf3 d6 3. Bb5+ Nd7 4. c4 a6 5. Ba4 Nf6 6. Nc3 g6 7. O-O Bg7 8. d3 O-O 9. Bf4 h6 10. h3 Kh7 11. Re1 e5 12. Be3 Nb6 13. Rb1 Nxa4 14. Qxa4 Bd7 15. Qa3 b5 16. b4 a5 17. Nxb5 axb4 18. Qb3 Bxb5 19. cxb5 Qa5 20. Rb2 Qxb5 21. Qc2 Qa4 22. Qb1 Nd7 23. Nd2 Nb6 24. Qd1 Qxd1 25. Rxd1 Ra3 26. Nc4 Nxc4 27. dxc4 Rfa8 28. Rxd6 Rxa2 29. Rxa2 Rxa2 30. Bxc5 Rc2 31. Bxb4 Rxc4 32. Bd2 Rxe4 33. Be3 f5 34. Rd7 g5 35. Bc5 Kg6 36. Rd6+ Bf6 37. Ra6 Kf7 38. Ra7+ Ke6 39. Rh7 Rc4 40. Bf8 e4 41. Rxh6 Ke5 42. Ba3 Rc2 43. g4 f4 44. Kf1 f3 45. Kg1 Bd8 46. Bd6+ Kd5 47. Bg3 Rc1+ 48. Kh2 Rb1 49. Rd6+ Kc4 50. Rxd8 Rb2 51. h4 e3 52. Kh3 exf2 53. Rd1 Re2 54. Rf1 gxh4 55. Bxh4 Kd3 56. Rxf2 Ke4 57. Rxe2+ fxe2 58. Be1 Kf3 59. g5 1-0


[Site "https://www.chess.com"]

[Event "Titled Tuesday Blitz August 08 Late 2023"]
[White "Leschinsky, Gary"]
[Black "Ismagilov, Damir"]
[WhiteFideId "30951321"]
[BlackFideId "34199982"]
[WhiteElo "2368"]
[BlackElo "2574"]
[Result "1/2-1/2"]
[Round "3"]
[TimeControl "180+1"]
[Date "2023.08.08"]
[WhiteClock "0:00:22"]
[BlackClock "0:00:11"]
[Board "105"]

1. d4 f5 2. Bg5 Nf6 3. Bxf6 exf6 4. e3 d5 5. Bd3 Bd6 6. c4 c6 7. cxd5 cxd5 8. Nc3 Be6 9. Qb3 Qb6 10. Qxb6 axb6 11. a3 Nc6 12. Rc1 Ke7 13. Nge2 g5 14. Ng3 f4 15. Nf5+ Kd7 16. Nxd6 Kxd6 17. exf4 gxf4 18. Nb5+ Kd7 19. f3 Rac8 20. Kf2 Na5 21. Nc3 Nb3 22. Bb5+ Ke7 23. Rcd1 Kf7 24. Ba4 Na5 25. Ne2 Bf5 26. Nxf4 Bc2 27. Bxc2 Rxc2+ 28. Kg3 Rg8+ 29. Kh3 Rxb2 30. Rb1 Rd2 31. Rhd1 Rxd1 32. Rxd1 Rd8 33. Rc1 Rd7 34. Rc8 b5 35. Rc5 Nc4 36. Rxb5 Nxa3 37. Rxd5 Rxd5 38. Nxd5 Nc2 39. Kg4 Nxd4 40. Kf4 Ke6 41. Ke4 Nc6 42. Nf4+ Kd6 43. Kf5 b5 44. Kxf6 b4 45. Nd3 b3 46. Kg7 Kd5 47. Kxh7 Kd4 48. Nb2 Kc3 49. Na4+ Kb4 50. Nb2 Ka3 51. Nd1 Ne5 52. f4 Nd3 53. f5 Nf2 54. Nc3 b2 55. f6 Kb3 56. Nb1 Ne4 57. f7 Ng5+ 58. Kg6 Nxf7 59. Kxf7 Kc2 60. Na3+ Kb3 61. Nb1 Kc2 62. Na3+ Kb3 63. Nb1 1/2-1/2


[Site "https://www.chess.com"]

[Event "Titled Tuesday Blitz August 08 Late 2023"]
[White "Gasparyan, David"]
[Black "Real_taiatai"]
[WhiteFideId "13311980"]
[WhiteElo "2572"]
[BlackElo "2364"]
[Result "1-0"]
[Round "3"]
[TimeControl "180+1"]
[Date "2023.08.08"]
[WhiteClock "0:00:13"]
[BlackClock "0:00:03"]
[Board "106"]

1. e4 e5 2. Nf3 Nc6 3. c3 d5 4. d3 dxe4 5. dxe4 Qxd1+ 6. Kxd1 Bg4 7. Nd2 O-O-O 8. Kc2 Bc5 9. Bb5 Nge7 10. Ng5 Bh5 11. f3 h6 12. Nh3 Bg6 13. b4 Bb6 14. a4 a5 15. Ba3 axb4 16. Bxb4 Nxb4+ 17. cxb4 f5 18. Rhe1 fxe4 19. Nxe4 Nd5 20. Kb3 Ne3 21. a5 Ba7 22. Re2 c6 23. Ba4 Rd3+ 24. Ka2 Bf7+ 25. Kb1 Rhd8 26. Nhf2 R3d4 27. Rxe3 Rxb4+ 28. Rb3 Bxb3 29. Bxb3 Bxf2 30. Nxf2 Rxb3+ 31. Kc2 Rb5 32. Ne4 Kc7 33. a6 bxa6 34. Rxa6 Kb7 35. Ra4 Rbd5 36. Rb4+ Kc7 37. Ra4 Rb8 38. Rc4 Rb7 39. Rc3 Rdb5 40. Kd3 Rb2 41. Nc5 R7b5 42. Ne6+ Kd6 43. Nxg7 Rxg2 44. Nf5+ Ke6 45. Nxh6 Rxh2 46. Ng4 Rd5+ 47. Ke3 Kd6 48. Nxh2 c5 49. Ng4 Rd4 50. Nf6 Rf4 51. Ne4+ Ke6 52. Rxc5 Rf8 53. Rc6+ Kf5 54. Ng3+ Kg5 55. Re6 Kh4 56. Ne4 Rf5 57. Rf6 Rh5 58. Rg6 Rf5 59. Nf2 Kh5 60. Rg4 Rf8 61. Ke4 Rf7 62. Nd3 Rf8 63. Nxe5 Re8 64. Rf4 Re7 65. Rf5+ Kh4 66. f4 Re8 67. Rg5 Kh3 68. Rg7 Kh4 69. f5 Kh5 70. f6 Kh6 71. Rg3 Rf8 72. f7 Kh7 73. Kf5 Rxf7+ 74. Ke6 Rg7 75. Rh3+ Kg8 76. Kf6 Rh7 77. Rb3 Rh6+ 78. Ng6 Kh7 79. Rb7+ Kg8 80. Rg7# 1-0


[Site "https://www.chess.com"]

[Event "Titled Tuesday Blitz August 08 Late 2023"]
[White "Musovic, Armin"]
[Black "Pavlidou, Ekaterini"]
[WhiteFideId "939935"]
[BlackFideId "4213262"]
[WhiteElo "2571"]
[BlackElo "2361"]
[Result "1-0"]
[Round "3"]
[TimeControl "180+1"]
[Date "2023.08.08"]
[WhiteClock "0:00:24"]
[BlackClock "0:00:11"]
[Board "107"]

1. a3 d5 2. Nc3 e5 3. d4 e4 4. Bf4 c6 5. f3 g5 6. Be5 f6 7. Bxb8 Rxb8 8. fxe4 dxe4 9. Nxe4 f5 10. Nc3 Nf6 11. e4 fxe4 12. Bc4 Bg4 13. Nge2 Bd6 14. O-O Qe7 15. Qd2 b5 16. Ba2 e3 17. Qd3 Rf8 18. Rae1 Kd8 19. Ng3 Bf4 20. d5 cxd5 21. Bxd5 Nxd5 22. Qxd5+ Qd7 23. Qc5 Rf6 24. Nd5 Bd6 25. Qxe3 Rxf1+ 26. Nxf1 Kc8 27. Ne7+ Bxe7 28. Qxe7 Rb7 29. Qe8+ Qxe8 30. Rxe8+ Kd7 31. Re5 h6 32. Ne3 Be6 33. h4 g4 34. Rh5 b4 35. Rxh6 bxa3 36. Rh7+ Kc6 37. Rxb7 Kxb7 38. bxa3 Kc6 39. h5 Kb5 40. h6 Bg8 41. Nxg4 Bh7 42. Ne5 Bxc2 43. g4 Ka4 44. g5 Kxa3 45. g6 Bxg6 46. Nxg6 Kb2 47. h7 a5 48. h8=Q+ Kb3 49. Qa1 a4 50. Nh4 a3 51. Ng2 a2 52. Kf2 1-0


[Site "https://www.chess.com"]

[Event "Titled Tuesday Blitz August 08 Late 2023"]
[White "Carrasco Miranda, Andres"]
[Black "Krishnan, Varun"]
[WhiteFideId "3405990"]
[BlackFideId "5054508"]
[WhiteElo "2351"]
[BlackElo "2570"]
[Result "0-1"]
[Round "3"]
[TimeControl "180+1"]
[Date "2023.08.08"]
[WhiteClock "0:01:00"]
[BlackClock "0:00:56"]
[Board "108"]

1. d4 Nf6 2. c4 c6 3. Nf3 d5 4. Qb3 dxc4 5. Qxc4 g6 6. Bg5 Bg7 7. Nc3 O-O 8. e3 Nbd7 9. Be2 Nb6 10. Qb3 Be6 11. Qc2 Nbd5 12. a3 Nxc3 13. bxc3 Bf5 14. Qb3 Ne4 15. Bf4 Qa5 16. Rc1 c5 17. O-O Rac8 18. Be5 cxd4 19. cxd4 Nd2 20. Nxd2 Qxd2 21. Rxc8 Rxc8 22. Bxg7 Qxe2 23. Bh6 Bd3 24. Ra1 Rc2 0-1


[Site "https://www.chess.com"]

[Event "Titled Tuesday Blitz August 08 Late 2023"]
[White "Przybylski, Wojciech"]
[Black "Deviprasath, Sharvesh"]
[WhiteFideId "1117599"]
[BlackFideId "30938228"]
[WhiteElo "2566"]
[BlackElo "2346"]
[Result "0-1"]
[Round "3"]
[TimeControl "180+1"]
[Date "2023.08.08"]
[WhiteClock "0:00:01"]
[BlackClock "0:01:22"]
[Board "109"]

1. e4 c5 2. Nf3 d6 3. d4 cxd4 4. Nxd4 Nf6 5. Nc3 g6 6. h4 Bg7 7. Nb3 O-O 8. Be2 a5 9. h5 a4 10. Nd2 a3 11. hxg6 fxg6 12. Bc4+ e6 13. Rb1 Nc6 14. Nf3 Ng4 15. Ne2 axb2 16. Bxb2 Qa5+ 17. c3 Qc5 18. Qb3 Qxf2+ 19. Kd1 Ne3+ 20. Kc1 Na5 21. Qb5 Naxc4 22. Re1 Rxa2 23. Qb3 Rxf3 24. Rd1 Qxe2 25. gxf3 Rxb2 26. Rxb2 Nxb2 27. Rxd6 Nd3+ 28. Kb1 Qe1+ 29. Ka2 Qd2+ 30. Ka3 Qc1+ 31. Ka2 Nc2 32. Qc4 Bf8 33. Rxd3 Na3 34. Kb3 Qb1+ 35. Ka4 Nxc4 36. Rd8 b5# 0-1


[Site "https://www.chess.com"]

[Event "Titled Tuesday Blitz August 08 Late 2023"]
[White "ciroreva-CB"]
[Black "Mendez Fortes, Eduardo Jesus"]
[BlackFideId "3502376"]
[WhiteElo "2338"]
[BlackElo "2562"]
[Result "0-1"]
[Round "3"]
[TimeControl "180+1"]
[Date "2023.08.08"]
[WhiteClock "0:00:00"]
[BlackClock "0:00:12"]
[Board "110"]

1. e4 c5 2. Nf3 d6 3. c3 Nf6 4. h3 Nc6 5. Bd3 g6 6. Bc2 Bg7 7. O-O e5 8. d4 O-O 9. d5 Ne7 10. a4 h6 11. Na3 Nh7 12. Nc4 f5 13. b4 b6 14. bxc5 bxc5 15. a5 f4 16. a6 g5 17. Nh2 Nf6 18. f3 h5 19. Bd3 Ng6 20. Qa4 Bd7 21. Qa5 Qe7 22. Qc7 Ne8 23. Qb7 Qd8 24. Bd2 Rf7 25. Rfb1 Bxh3 26. gxh3 Rxb7 27. axb7 Rb8 28. Rxa7 g4 29. hxg4 Nf6 30. Na5 Nd7 31. Nc6 Qe8 32. Nxb8 Nxb8 33. Ra8 Nh4 34. Bb5 Qd8 35. Bc6 hxg4 36. Rba1 Kh7 37. Rxb8 Qg5 38. fxg4 Qg6 39. Rh8+ Bxh8 40. b8=Q Qxe4 41. Ra7+ Bg7 42. Rxg7+ Kxg7 43. Qc7+ Kh6 44. Qxd6+ Ng6 45. g5+ Kxg5 46. Qd8+ Kh6 47. Be8 Qb1+ 48. Kg2 Qe4+ 49. Nf3 Qe2+ 50. Kg1 Qxf3 51. Bxg6 Qd1+ 52. Kg2 Qxd2+ 53. Kh3 Qxc3+ 54. Kg4 Qg3+ 55. Kf5 Qxg6+ 56. Kxe5 f3 57. Qh4+ Kg7 58. Qe7+ Qf7 59. Qxf7+ Kxf7 60. d6 f2 61. d7 Ke7 62. d8=Q+ Kxd8 0-1


[Site "https://www.chess.com"]

[Event "Titled Tuesday Blitz August 08 Late 2023"]
[White "Slaby, Jerzy"]
[Black "Fernandez Siles, Luis"]
[WhiteFideId "1121405"]
[BlackFideId "2209420"]
[WhiteElo "2562"]
[BlackElo "2333"]
[Result "0-1"]
[Round "3"]
[TimeControl "180+1"]
[Date "2023.08.08"]
[WhiteClock "0:00:32"]
[BlackClock "0:00:40"]
[Board "111"]

1. e4 c5 2. c3 Nf6 3. e5 Nd5 4. Nf3 Nc6 5. Bc4 Nb6 6. Bb3 d6 7. exd6 Qxd6 8. Na3 a6 9. O-O e6 10. Qe2 Be7 11. d3 O-O 12. Bg5 h6 13. Bxe7 Qxe7 14. Rad1 Bd7 15. Rfe1 Rfd8 16. Nc2 Na5 17. Ne5 Nxb3 18. axb3 Nd5 19. Ne3 Nxe3 20. Qxe3 Be8 21. f4 b5 22. Qg3 f6 23. Ng4 Kh7 24. Re3 Bf7 25. Rde1 Qd6 26. Qh4 Qd5 27. Rg3 Qh5 28. Qxh5 Bxh5 29. Rxe6 Bxg4 30. Rxg4 Rxd3 31. Re7 Rg8 32. h4 h5 0-1


[Site "https://www.chess.com"]

[Event "Titled Tuesday Blitz August 08 Late 2023"]
[White "Skaric, Djuro"]
[Black "Graif, William"]
[WhiteFideId "934569"]
[BlackFideId "2609835"]
[WhiteElo "2329"]
[BlackElo "2558"]
[Result "0-1"]
[Round "3"]
[TimeControl "180+1"]
[Date "2023.08.08"]
[WhiteClock "0:01:35"]
[BlackClock "0:00:20"]
[Board "112"]

1. g3 e5 2. Bg2 Nc6 3. d3 g6 4. e4 Bg7 5. Nc3 d6 6. f4 Nge7 7. Nf3 Bg4 8. h3 Bxf3 9. Qxf3 Nd4 10. Qf2 Qd7 11. fxe5 dxe5 12. O-O O-O 13. Be3 c6 14. a4 f5 15. Bxd4 exd4 16. Ne2 fxe4 17. Qe1 Rxf1+ 18. Bxf1 e3 19. a5 Rf8 20. Bg2 Rf2 21. Rd1 Be5 22. c3 c5 23. cxd4 cxd4 24. Rc1 Qf5 25. g4 Qxd3 26. Bf1 Bh2+ 27. Kh1 Qe4+ 0-1


[Site "https://www.chess.com"]

[Event "Titled Tuesday Blitz August 08 Late 2023"]
[White "Santos Flores, Alberto"]
[Black "Kukavica, Tony"]
[WhiteFideId "3601234"]
[BlackFideId "2062542"]
[WhiteElo "2554"]
[BlackElo "2327"]
[Result "1/2-1/2"]
[Round "3"]
[TimeControl "180+1"]
[Date "2023.08.08"]
[WhiteClock "0:00:05"]
[BlackClock "0:00:05"]
[Board "113"]

1. e4 c5 2. Nf3 e6 3. g3 b6 4. Bg2 Bb7 5. Qe2 Nc6 6. O-O g6 7. c3 Bg7 8. Rd1 d6 9. d4 cxd4 10. cxd4 Nge7 11. Nc3 O-O 12. a3 Rc8 13. d5 exd5 14. exd5 Ne5 15. Nxe5 Bxe5 16. Bg5 Re8 17. Rac1 Qd7 18. Qd2 Ba6 19. Ne4 Rxc1 20. Rxc1 Rc8 21. Nf6+ Bxf6 22. Bxf6 Rxc1+ 23. Qxc1 Qc8 24. Qd2 Nf5 25. Bh3 Qc4 26. Qe1 Qe2 27. Qxe2 Bxe2 28. Bg2 Ng7 29. Bg5 Ne8 30. Be3 f6 31. f4 Bb5 32. Kf2 Bd7 33. Bd4 Kf7 34. Ke3 Ke7 35. h4 Bb5 36. Be4 Nc7 37. h5 gxh5 38. Kf3 Bc4 39. Bxh7 Bxd5+ 40. Ke3 Bf7 41. Be4 Nd5+ 42. Kd2 Nc7 43. Bf3 Ne6 44. Be3 Nc5 45. b4 Nd7 46. Kc3 f5 47. a4 Nf6 48. a5 Nd5+ 49. Kd4 Nxe3 50. Kxe3 bxa5 51. bxa5 d5 52. Kd4 Kd6 53. Be2 Be8 54. Bd3 Bd7 55. Bc2 Be6 56. Bd1 Bf7 57. Bf3 Be6 58. Bxh5 Bd7 59. Bf3 Be6 60. Bg2 Bf7 61. Bf1 Be6 62. Bd3 Bd7 63. Be2 Be6 64. Bh5 Bg8 65. Bg6 Be6 66. Bh5 1/2-1/2


[Site "https://www.chess.com"]

[Event "Titled Tuesday Blitz August 08 Late 2023"]
[White "Manon-og, Ramon Jr."]
[Black "Keleberda, Tymur"]
[WhiteFideId "5200776"]
[BlackFideId "14174294"]
[WhiteElo "2325"]
[BlackElo "2551"]
[Result "0-1"]
[Round "3"]
[TimeControl "180+1"]
[Date "2023.08.08"]
[WhiteClock "0:00:08"]
[BlackClock "0:01:29"]
[Board "114"]

1. e4 c5 2. Nf3 e6 3. g3 g6 4. Bg2 Bg7 5. O-O Ne7 6. d4 cxd4 7. Nxd4 Nbc6 8. Nb5 O-O 9. Nd6 b6 10. Nc3 Ba6 11. Re1 Ne5 12. Bg5 h6 13. Bf4 N7c6 14. Qd2 g5 15. Be3 Nc4 16. Nxc4 Bxc4 17. Rad1 Ne5 18. Qd6 Rc8 19. Qa3 Qc7 20. Bd4 g4 21. b3 Nf3+ 22. Bxf3 gxf3 23. bxc4 e5 24. Be3 Qxc4 25. Nd5 Qxe4 26. Ne7+ Kh8 27. Nxc8 Qg4 28. Qd3 e4 29. Qxd7 f5 30. Qb5 Rxc8 31. c4 Qh3 0-1


[Site "https://www.chess.com"]

[Event "Titled Tuesday Blitz August 08 Late 2023"]
[White "Czerw, Dawid"]
[Black "Sala, Giulia"]
[WhiteFideId "1145746"]
[BlackFideId "2840451"]
[WhiteElo "2538"]
[BlackElo "2325"]
[Result "1-0"]
[Round "3"]
[TimeControl "180+1"]
[Date "2023.08.08"]
[WhiteClock "0:00:02"]
[BlackClock "0:00:19"]
[Board "115"]

1. e4 g6 2. d4 Bg7 3. Nc3 d6 4. h4 Nf6 5. h5 Nxh5 6. Rxh5 gxh5 7. Qxh5 Bxd4 8. Nf3 Bxc3+ 9. bxc3 Nc6 10. Bh6 Rg8 11. Bg5 Be6 12. Qxh7 f6 13. Be3 Qd7 14. Bb5 O-O-O 15. Qh1 Rh8 16. Qf1 Qe8 17. Bxa7 Qg6 18. Bd3 Nxa7 19. O-O-O Nc6 20. Bb5 Qxe4 21. Re1 Qd5 22. c4 Qf5 23. Qe2 Ne5 24. Nd2 Rh2 25. Qe3 Rxg2 26. Qa7 c6 27. Qa8+ Kc7 28. Qa5+ Kd7 29. Ba4 Rxf2 30. Qb6 Rxd2 31. Qxb7+ Ke8 32. Kxd2 Nxc4+ 33. Kc1 Qf4+ 34. Kb1 Qd2 35. Qxc6+ Kf7 36. Rh1 Na3+ 37. Kb2 Qb4+ 38. Bb3 Nc4+ 39. Kb1 Qc3 40. Rh7+ Kg6 41. Qe4+ f5 42. Qxe6+ Kxh7 43. Qxf5+ Kg7 44. Qg4+ Kf8 45. Bxc4 Rb8+ 46. Bb3 Qe1+ 47. Kb2 Qe5+ 48. Kb1 e6 49. Qh4 Re8 50. Qh6+ Ke7 51. Qh7+ Kd8 52. Ba4 Rf8 53. Qd7# 1-0


[Site "https://www.chess.com"]

[Event "Titled Tuesday Blitz August 08 Late 2023"]
[White "Hansen, Torbjorn Ringdal"]
[Black "Gerbelli Neto, Eduardo"]
[WhiteFideId "1501720"]
[BlackFideId "2103281"]
[WhiteElo "2536"]
[BlackElo "2322"]
[Result "0-1"]
[Round "3"]
[TimeControl "180+1"]
[Date "2023.08.08"]
[WhiteClock "0:00:13"]
[BlackClock "0:00:21"]
[Board "116"]

1. e4 e5 2. Nf3 Nc6 3. Bb5 a6 4. Ba4 d6 5. c3 f5 6. exf5 Bxf5 7. O-O Bd3 8. Qb3 b5 9. Qd5 Nge7 10. Qxd3 bxa4 11. Qc2 g6 12. d4 exd4 13. cxd4 Bg7 14. d5 Ne5 15. Qxa4+ Qd7 16. Qxd7+ Kxd7 17. Nxe5+ Bxe5 18. Rd1 Rab8 19. Nc3 Nf5 20. Rd3 Rhe8 21. Kf1 h5 22. b3 Bxc3 23. Rxc3 Rb5 24. Rd3 Re5 25. Bb2 Rexd5 26. Rad1 Rxd3 27. Rxd3 Ke6 28. Ke2 Rd5 29. Rxd5 Kxd5 30. g3 Nd4+ 31. Kd3 Nf3 32. h4 Ne5+ 33. Ke3 Ng4+ 34. Kf4 Nxf2 35. Kg5 Ne4+ 36. Kxg6 Nxg3 37. Bc1 Ke4 38. b4 d5 39. a4 c6 40. Bd2 d4 41. Be1 d3 42. Kg5 Kf3 43. Kg6 Ke2 44. Bc3 d2 45. Bxd2 Kxd2 46. Kg5 Kc3 47. Kf4 Ne2+ 48. Kg5 Nd4 49. Kxh5 Nf3 50. b5 cxb5 51. axb5 axb5 52. Kg4 Nxh4 53. Kxh4 b4 0-1


[Site "https://www.chess.com"]

[Event "Titled Tuesday Blitz August 08 Late 2023"]
[White "Bettalli, Francesco"]
[Black "UgarteCesar"]
[WhiteFideId "2816453"]
[WhiteElo "2531"]
[BlackElo "2315"]
[Result "1-0"]
[Round "3"]
[TimeControl "180+1"]
[Date "2023.08.08"]
[WhiteClock "0:01:01"]
[BlackClock "0:00:02"]
[Board "117"]

1. e4 c5 2. Nc3 Nc6 3. Bb5 Nd4 4. Nf3 Nxb5 5. Nxb5 d5 6. exd5 a6 7. Nc3 Nf6 8. O-O Nxd5 9. d4 Nxc3 10. bxc3 e6 11. Re1 Be7 12. Qe2 O-O 13. Bf4 Qa5 14. d5 Bf6 15. Be5 Bxe5 16. Qxe5 exd5 17. Qxd5 Be6 18. Qxb7 Qxc3 19. Ng5 Bxa2 20. Ne4 Qxc2 21. Rec1 Qe2 22. Nc3 Qe6 23. Rxa2 Rfb8 24. Qd5 Qh6 25. Rd1 g6 26. Ne4 Rd8 27. Qb3 c4 28. Qc2 Qf4 29. Re1 h5 30. g3 Qf3 31. Qxc4 Rd1 32. Rxd1 Qxd1+ 33. Kg2 Rd8 34. Rxa6 Rd4 35. Rxg6+ Kh7 36. Qxf7+ 1-0


[Site "https://www.chess.com"]

[Event "Titled Tuesday Blitz August 08 Late 2023"]
[White "rionelG"]
[Black "ArtemDyachuk"]
[WhiteElo "2313"]
[BlackElo "2530"]
[Result "0-1"]
[Round "3"]
[TimeControl "180+1"]
[Date "2023.08.08"]
[WhiteClock "0:00:00"]
[BlackClock "0:01:23"]
[Board "118"]

1. e4 c6 2. d4 d5 3. e5 Bf5 4. Nf3 e6 5. Be2 Nd7 6. O-O a6 7. Nbd2 h6 8. Nb3 Ne7 9. a4 Bh7 10. Bd2 Nf5 11. a5 Be7 12. g4 Nh4 13. Nxh4 Bxh4 14. f4 O-O 15. Bb4 Be7 16. Bxe7 Qxe7 17. Bd3 Bxd3 18. Qxd3 c5 19. dxc5 Nxc5 20. Qe3 Rac8 21. Nd4 Ne4 22. c3 Qc5 23. Rf3 Rce8 0-1


[Site "https://www.chess.com"]

[Event "Titled Tuesday Blitz August 08 Late 2023"]
[White "Vafin, Ayrat"]
[Black "Dobrikov, Marco"]
[WhiteFideId "4146530"]
[BlackFideId "12950378"]
[WhiteElo "2302"]
[BlackElo "2528"]
[Result "1-0"]
[Round "3"]
[TimeControl "180+1"]
[Date "2023.08.08"]
[WhiteClock "0:00:30"]
[BlackClock "0:00:19"]
[Board "119"]

1. Nf3 g6 2. g3 Bg7 3. d4 d6 4. Bg2 Nf6 5. c4 O-O 6. Nc3 Na6 7. O-O c5 8. b3 Bd7 9. Bb2 Rc8 10. d5 Nc7 11. a4 b6 12. Qc2 a6 13. e4 Nfe8 14. Rfe1 b5 15. axb5 axb5 16. e5 dxe5 17. Nxe5 bxc4 18. bxc4 Nd6 19. Ne4 Rb8 20. Bc3 Nxe4 21. Bxe4 Ne8 22. Ra7 Bxe5 23. Bxe5 Nd6 24. Bd3 Ra8 25. Rxa8 Qxa8 26. Qd2 Qa3 27. Qh6 Ne8 28. Re3 Qc1+ 29. Kg2 f6 30. Bf4 e5 31. Rxe5 Qxf4 32. Qxf4 fxe5 33. Qxe5 Rf6 34. Qe7 Rf7 35. Qxc5 Bg4 36. f4 Kg7 37. Qd4+ Nf6 38. c5 Rd7 39. d6 Be6 40. c6 Bd5+ 41. Qxd5 1-0


[Site "https://www.chess.com"]

[Event "Titled Tuesday Blitz August 08 Late 2023"]
[White "reevecanada"]
[Black "Cooper, Aaron"]
[BlackFideId "2634945"]
[WhiteElo "2527"]
[BlackElo "2305"]
[Result "1-0"]
[Round "3"]
[TimeControl "180+1"]
[Date "2023.08.08"]
[WhiteClock "0:00:14"]
[BlackClock "0:00:07"]
[Board "120"]

1. e4 d5 2. exd5 Qxd5 3. Nc3 Qd6 4. d4 Nf6 5. Nge2 a6 6. Bf4 Qb6 7. Na4 Qa5+ 8. c3 Bd7 9. Nc5 Bc6 10. Ng3 e6 11. b4 Qb6 12. Na4 Bxa4 13. Qxa4+ Nbd7 14. Bd3 Bd6 15. Bd2 O-O 16. O-O e5 17. Nf5 e4 18. Nxd6 cxd6 19. Bc4 d5 20. Bxd5 Nxd5 21. Qxd7 Rad8 22. Qf5 Rfe8 23. Rfe1 g6 24. Qh3 f5 25. Qh4 Rc8 26. Rac1 Qb5 27. Qg5 Qd3 28. Red1 Qc4 29. h4 Rf8 30. h5 Rc6 31. Qh4 f4 32. Re1 Re6 33. Qg4 Ne7 34. Bxf4 Ref6 35. Bg3 Nf5 36. Qxe4 Nxg3 37. fxg3 Qxa2 38. Re2 Qf7 39. hxg6 hxg6 40. Rce1 Rf1+ 41. Kh2 Rxe1 42. Rxe1 Kg7 43. Qe5+ Kh7 44. Re4 Kg8 45. Rh4 Qf6 46. Qd5+ Kg7 47. Qxb7+ Rf7 48. Qe4 Qf1 49. Rf4 Rxf4 50. Qxf4 Qc4 51. Qe5+ Kf7 52. d5 Qb5 53. Qd4 Ke7 54. d6+ Kd7 55. g4 Qc6 56. Qg7+ Kxd6 57. Qxg6+ Kd5 58. Qxc6+ Kxc6 59. Kg3 Kb5 60. Kh4 Kc4 61. g5 Kxc3 62. g6 Kxb4 63. g7 a5 64. g8=Q a4 65. g4 a3 66. g5 Kc3 67. Qa2 Kb4 68. g6 1-0


[Site "https://www.chess.com"]